 Dungeon Crawl Stone Soup version 0.31-a0-259-g771a54ca4b (webtiles) character file.

Game seed: 10303405808019453571

65 qw the Shooter (level 3, -3/29 HPs)
             Began as a Minotaur Hexslinger on July 13, 2023.
             Slain by Natasha (6 damage)
             ... on level 2 of the Dungeon.
             The game lasted 00:00:32 (1598 turns).

qw the Shooter (Minotaur Hexslinger)                Turns: 1598, Time: 00:00:32

Health: -3/29      AC:  5    Str: 12    XL:     3   Next: 92%
Magic:  3/3        EV: 11    Int: 10    God:
Gold:   98         SH:  0    Dex: 14    Spells: 3/4 levels left

rFire   . . .        Y - +1 sling
rCold   . . .        (no shield)
rNeg    . . .        f - +0 ring mail
rPois   .            (helmet restricted)
rElec   .            (no cloak)
rCorr   .            (no gloves)
SInv    .            (no boots)
Will    .....        (no amulet)
Stlth   +            (no ring)
HPRegen 0.24/turn    (no ring)
MPRegen 0.08/turn

%: no passive effects
@: slowed, very slow
A: horns 2, retaliatory headbutt
a: no special abilities


You were on level 2 of the Dungeon.
You visited 1 branch of the dungeon, and saw 3 of its levels.

You collected 98 gold pieces.


Innate Abilities, Weirdness & Mutations

You have a pair of horns on your head.
You reflexively headbutt those who attack you in melee.


   Skills:
 - Level 2.0 Fighting
 + Level 4.3 Ranged Weapons
 - Level 1.0 Armour
 - Level 2.1 Dodging
 - Level 1.0 Spellcasting
 - Level 2.0 Hexes


You had 3 spell levels left.
You knew the following spells:

 Your Spells              Type           Power      Damage    Failure   Level
a - Slow                  Hex            16%        N/A       34%         1

Your spell library contained the following spells:

 Spells                   Type           Power      Damage    Failure   Level
 Inner Flame              Hex/Fire       2%         N/A       83%         3
 Portal Projectile        Hex/Tloc       4%         N/A       83%         3
 Cause Fear               Hex            2%         N/A       98%         4

Inventory:

Hand Weapons
 Y - a +1 sling (weapon)
Armour
 f - a +0 ring mail (worn)
Potions
 a - a potion of enlightenment {unknown}
 b - a potion of berserk rage {unknown}
 c - a potion of attraction {unknown}
 d - a potion of heal wounds {unknown}
 e - a potion of cancellation {unknown}

Dungeon Overview and Level Annotations

Branches:
Dungeon (3/15)

Altars:

Portals:
Sewer: D:3

Annotations:
D:2 Natasha


Message History

The magic dart hits you.
The gnoll hits you from afar with a +0 spear!
There is a stone staircase leading up here.
1587 ||| STAIRDANCE The gnoll closely misses you.
Natasha claws you! The gnoll closely misses you.
You climb upwards.
There is a stone staircase leading down here.
You shoot a sling bullet. The sling bullet barely misses Natasha.
Natasha claws you.
You shoot a sling bullet. The sling bullet barely misses Natasha.
Natasha completely misses you.
You shoot a sling bullet.
The sling bullet closely misses Natasha.
Natasha barely misses you. Natasha completely misses you.
You shoot a sling bullet. The sling bullet barely misses Natasha.
Natasha claws you.
You shoot a sling bullet. The sling bullet hits Natasha.
Natasha is moderately wounded.
Natasha barely misses you.
You shoot a sling bullet. The sling bullet hits Natasha.
Natasha is heavily wounded.
Natasha stares at you and mumbles some strange words.
You feel yourself slow down.
You shoot a sling bullet. The sling bullet barely misses Natasha.
Natasha claws you but does no damage.
Natasha stares at you and mumbles some strange words.
You resist with significant effort.
You shoot a sling bullet.
The sling bullet closely misses Natasha.
Natasha howls an incantation.
Natasha's front paws start to glow.
Natasha claws you. Natasha barely misses you. You furiously retaliate!
You headbutt Natasha. You shoot a sling bullet.
The sling bullet closely misses Natasha.
Natasha closely misses you. Natasha claws you.
You shoot a sling bullet. The sling bullet hits Natasha.
Natasha is almost dead.
Natasha claws you.
You die...

..#.#..### #.................
.##.##...#### #..##.####........
##...###....#####.##.#..........#
...#......).......##......#.###.#
##...###....#####.#####...).# #.#
.##.##...####.............### #.#
..#)#..######.#..##.......# #.#
#.###.###...........###..######.#
#..#..# #......h@..####..##......
##.#.## #................##......
.#.#.# #####'##...###...##......
.#...# #.##...# #...........
.##.## #.##...# #...##......
..#.# #.########...##......
#.#.#########.##.....#...########
..#.#..........#.....#...#
###.#..........#.....######


You could see Natasha.

Vanquished Creatures
  A gnoll (D:1)
  An adder (D:2)
  2 worms (D:2)
  2 ball pythons (D:1)
  4 bats
  3 endoplasms
  4 goblins
  7 hobgoblins
  3 kobolds
  2 quokkas
  2 frilled lizards
  7 rats
38 creatures vanquished.

Notes
Turn   | Place    | Note
-------+----------+-------------------------------------------
     0 | D:1      | qw the Minotaur Hexslinger began the quest for the Orb.
     0 | D:1      | Reached XP level 1. HP: 16/16 MP: 1/1
     0 | D:1      | 0 ||| qw: Version: 0.3-a-52-g30416fa
     0 | D:1      | 0 ||| qw: Game counter: 6845
     0 | D:1      | 0 ||| qw: Melee chars always use a shield: true
     0 | D:1      | 0 ||| qw: God list: Okawaru
     0 | D:1      | 0 ||| qw: Allow faded altars: false
     0 | D:1      | 0 ||| qw: Do Orc after clearing Dungeon:15 true
     0 | D:1      | 0 ||| qw: Do second Lair branch before Depths: true
     0 | D:1      | 0 ||| qw: Lair rune preference: random
     0 | D:1      | 0 ||| qw: Goals: Normal
     0 | D:1      | 0 ||| PLANNING D:1-11
    79 | D:1      | Reached skill level 3 in Ranged Weapons
    79 | D:1      | Reached XP level 2. HP: 23/23 MP: 2/2
   337 | D:1      | Reached XP level 3. HP: 21/29 MP: 3/3
   574 | D:1      | 574 ||| UPGRADING to +0 ring mail.
   584 | D:1      | 584 ||| DROPPING +0 robe.
   585 | D:1      | 585 ||| READING scroll labelled ZIGAUWA KUAFOH.
   586 | D:1      | 586 ||| DROPPING scroll of poison.
   686 | D:2      | Reached skill level 4 in Ranged Weapons
   762 | D:2      | Found a faded altar of an unknown god.
  1020 | D:2      | Reached skill level 1 in Armour
  1578 | D:3      | Noticed Natasha
  1578 | D:3      | Found a glowing drain.
  1579 | D:3      | 1579 ||| PLANNING SEWER
  1579 | D:3      | 1579 ||| STAIRDANCE
  1583 | D:3      | 1583 ||| STAIRDANCE
  1587 | D:3      | 1587 ||| STAIRDANCE
  1592 | D:2      | HP: 3/29 [Natasha (6)]
  1597 | D:2      | HP: 2/29 [Natasha (2)]
  1598 | D:2      | Slain by Natasha

Levels and vault maps discovered:
D:1:      nzn_arrival_crosshair, layout_rooms
D:2:      minmay_general_purpose_star, layout_basic,
          shapermc_ecumenical_altar_flowoftime
D:3:      layout_loops_ring, okawaru_metal_pillars_1_2, portal_sewer_entry_a,
          gammafunk_ghost_mausoleum, uniq_jessica, uniq_natasha

Skill      XL: |  1  2  3 |
---------------+----------+-----
Ranged Weapons | 3 4 |  4.3
Fighting       | 2 |  2.0
Armour         | 1 |  1.0
Dodging        | |  2.1
Spellcasting   | |  1.0
Hexes          | |  2.0

Action                     || total
---------------------------++-------
   Fire: Sling             ||   119
    Use: Scroll            ||     1
 Armour: Robe              ||     2
         Ring mail         ||    11
  Dodge: Dodged            ||    31

Table legend:
 A = Non-vault XP
 B = Vault XP
 C = Vault XP percentage of total XP
 D = Non-vault monster count
 E = Vault monster count
 F = Vault count percentage of total count
                 A         B        C        D         E       F
            +---------+---------+-------+---------+---------+-------
      Total |      88 |       5 |   5.4 |      35 |       3 |   7.9
            +---------+---------+-------+---------+---------+-------
        D:1 |      48 |       0 |   0.0 |      22 |       0 |   0.0
        D:2 |      40 |       5 |  11.1 |      13 |       3 |  18.8
            +---------+---------+-------+---------+---------+-------
